 Dungeon Crawl Stone Soup version 0.23-a0-307-gc3b755d (webtiles) character file.

193 iamserjio the Ducker (level 5, 3/32 HPs)
             Began as a Deep Elf Wanderer on Oct 10, 2018.
             Quit the game on level 4 of the Dungeon.
             The game lasted 00:11:07 (1666 turns).

iamserjio the Ducker (Deep Elf Wanderer)            Turns: 1666, Time: 00:11:08

Health: 3/32       AC:  8    Str:  8    XL:     5   Next: 43%
Magic:  7/7        EV: 11    Int: 18    God:
Gold:   180        SH:  0    Dex: 15    Spells: 4/4 levels left

rFire    . . .     SeeInvis .   a - +2 short sword
rCold    . . .     Gourm    .   (no shield)
rNeg     . . .     Faith    .   s - +0 leather armour
rPois    .         Spirit   .   (no helmet)
rElec    .         Reflect  .   (no cloak)
rCorr    .         Harm     .   (no gloves)
MR       .....                  (no boots)
Stlth    ++........             (no amulet)
HPRegen  0.10/turn              o - -3 ring of evasion (curse)
MPRegen  0.10/turn              n - +5 ring of protection

@: no status effects
A: no striking features
a: no special abilities


You were on level 4 of the Dungeon.
You were not hungry.

You visited 1 branch of the dungeon, and saw 4 of its levels.

You collected 180 gold pieces.

Inventory:

Hand Weapons
 a - a +2 short sword (weapon)
 b - a +0 quarterstaff
 e - a +0 dagger
 i - a +0 hunting sling
 j - a cursed -1 spear
 t - a +0 dagger
 u - a +0 hunting sling
 v - a +1 flail of holy wrath
Missiles
 c - 8 javelins (quivered)
 k - 23 sling bullets
 m - 73 stones
Armour
 d - a +0 robe
 q - a +0 scale mail
 s - a +0 leather armour (worn)
Jewellery
 g - a +4 ring of strength
 n - a +5 ring of protection (right hand)
 o - a cursed -3 ring of evasion (left hand)
Scrolls
 h - 2 scrolls of enchant weapon
 l - a scroll of noise
 r - a scroll of teleportation
 x - a scroll of identify {@r1}
Potions
 p - a potion of resistance
Comestibles
 f - 7 rations
 w - 2 chunks of flesh


   Skills:
 - Level 3.2 Fighting
 + Level 3.1 Short Blades
 - Level 2.0 Staves
 * Level 5.1 Dodging
 - Level 2.4 Stealth
   Level 1.1 Evocations


You had 4 spell levels left.
You didn't know any spells.
Your spell library was empty.

Dungeon Overview and Level Annotations

Branches:
Dungeon (4/15)
 Temple: D:4-7

Altars:
Gozag


Message History

Aim: an iguana (moderately wounded)
You shoot a sling bullet.
The sling bullet hits the iguana but does no damage.
The iguana bites you!
Firing (i - inventory. (/) - cycle)
k - 25 sling bullets (quivered)
Aim: an iguana (moderately wounded)
You shoot a sling bullet. The sling bullet hits the iguana.
The iguana bites you but does no damage.
The iguana bites you!
Firing (i - inventory. (/) - cycle)
k - 24 sling bullets (quivered)
Aim: an iguana (moderately wounded)
You shoot a sling bullet.
The sling bullet barely misses the iguana.
The iguana hisses menacingly.
The iguana bites you but does no damage.
Wield which item (- for none, * to show all)? (? for menu, Esc to quit)
a - a +2 short sword (weapon)
You hit the iguana but do no damage. The iguana bites you!
* * * LOW HITPOINT WARNING * * *
Okay, then.

#.##### ..###.. .......
.## ##.).#...# ######
.... #......... ##
<...###......... #.
.................# #.
............#....## ##.
...........#
#....####.# (.....l@..#
#..>..##..# ....####..#
#.......)# . #..#
##......... ##.##
#........##
##..###..>.....# ..
##..#....#......#
....###..###....#.....#
#....## #.#..##.#...#
#..#..# #.##..#..####


You could see an iguana.

Vanquished Creatures
  A crimson imp (D:3)
  Terence (D:3)
  3 gnolls (D:3)
  4 adders
  A worm (D:3)
  3 dart slugs
  5 leopard geckos (D:1)
  An orc (D:4)
  5 bats
  2 giant cockroaches
  4 goblins
  7 hobgoblins
  2 jackals (D:1)
  5 kobolds
  3 quokkas
  4 frilled lizards
  2 rats
53 creatures vanquished.

Notes
Turn   | Place    | Note
-------+----------+-------------------------------------------
     0 | D:1      | iamserjio the Deep Elf Wanderer began the quest for the
                  | Orb.
     0 | D:1      | iamserjio set off with: a +2 short sword, a +0
                  | quarterstaff, a potion of curing {@q1}, a +0 robe, a +0
                  | dagger, a ration
     0 | D:1      | Reached XP level 1. HP: 14/14 MP: 3/3
    76 | D:1      | Reached skill level 1 in Dodging
   110 | D:1      | Reached XP level 2. HP: 14/19 MP: 4/4
   154 | D:1      | Reached skill level 2 in Dodging
   510 | D:1      | Reached XP level 3. HP: 8/23 MP: 5/5
   591 | D:2      | Reached skill level 3 in Dodging
   706 | D:2      | Found an opulent altar of Gozag.
   846 | D:3      | Reached skill level 4 in Dodging
   846 | D:3      | Reached XP level 4. HP: 12/28 MP: 6/6
   958 | D:3      | HP: 1/28 [gnoll/spear (3)]
   975 | D:3      | Reached XP level 5. HP: 11/32 MP: 7/7
  1440 | D:3      | Noticed Terence
  1469 | D:3      | Killed Terence
  1469 | D:3      | Reached skill level 5 in Dodging
  1666 | D:4      | Quit the game

Vault maps used:
D:1:      eino_arrival_cavern_b
D:2:      nicolae_gozag_cash_rules_everything_around_me
D:3:      first_ration, uniq_terence

Skill      XL: |  1  2  3  4  5 |
---------------+----------------+-----
Dodging        | 1 2 4 5 |  5.1
Short Blades   | 2 3 |  3.1
Fighting       | |  3.2
Staves         | |  2.0
Stealth        | |  2.4
Evocations     | |  1.1

Action                   |  1- 3 |  4- 6 || total
-------------------------+-------+-------++-------
Melee: Short sword       |   102 |   110 ||   212
       Unarmed           |       |    14 ||    14
       Dagger            |       |     3 ||     3
 Fire: Hunting sling     |    13 |    12 ||    25
  Use: Potion            |     2 |     6 ||     8
       Scroll            |       |     5 ||     5
 Stab: Sleeping          |     3 |     1 ||     4
  Eat: Chunk             |       |     3 ||     3
Armor: Robe              |    24 |    17 ||    41
       Skin              |       |    18 ||    18
       Leather armour    |       |     7 ||     7
Dodge: Dodged            |    83 |    97 ||   180

Table legend:
 A = Non-vault XP
 B = Vault XP
 C = Vault XP percentage of total XP
 D = Non-vault monster count
 E = Vault monster count
 F = Vault count percentage of total count
                 A         B        C        D         E       F
            +---------+---------+-------+---------+---------+-------
      Total |     238 |      38 |  13.8 |      52 |       1 |   1.9
            +---------+---------+-------+---------+---------+-------
        D:1 |      42 |       0 |   0.0 |      19 |       0 |   0.0
        D:2 |      50 |       0 |   0.0 |      15 |       0 |   0.0
        D:3 |     141 |      38 |  21.2 |      16 |       1 |   5.9
        D:4 |       5 |       0 |   0.0 |       2 |       0 |   0.0
            +---------+---------+-------+---------+---------+-------
